Colorado Rockies vs Winnipeg Jets
(R1)
Created - Sunday, September 7, 2025 at 07:29
Goals
|
| Colorado Rockies |
1 |
1 |
1 |
3 |
| Winnipeg Jets |
2 |
1 |
2 |
5 |
|
Shots
|
| Colorado Rockies |
14 |
10 |
2 |
26 |
| Winnipeg Jets |
14 |
13 |
11 |
38 |
|
1st period
1. Colorado Rockies , Kyle Connor 5 (Tim Stutzle 17, Nikita Kucherov 12) at 1:39
2. Winnipeg Jets , Mikael Backlund 8 (Jason Zucker 18, Connor Bedard 15) at 3:28 (PP)
3. Winnipeg Jets , Matvei Michkov 4 (Connor Bedard 16) at 12:41
Penalties :
David Pastrnak (COL) for Tripping (Minor) at 3:15, Connor Bedard (WPG) for Roughing (Minor) at 10:01, Adam Lowry (WPG) for Roughing (Minor) at 19:23
2nd period
4. Colorado Rockies , Philipp Kurashev 3 (Timothy Liljegren 8, Nick Schmaltz 8) at 4:02
5. Winnipeg Jets , Alexander Kerfoot 8 (Adam Lowry 16) at 15:17
Penalties :
Victor Hedman (COL) for Tripping (Minor) at 5:28, Ridly Greig (WPG) for Cross-checking (Minor) at 12:32, Michael Kesselring (WPG) for Kneeing (Minor) at 18:29
3rd period
6. Winnipeg Jets , Adam Lowry 6 (Alexander Kerfoot 11, Ridly Greig 11) at 1:42
7. Colorado Rockies , Timothy Liljegren 1 (Andrew Peeke 7, Joey Daccord) at 8:09 (PP)
8. Winnipeg Jets , Nate Schmidt 1 (Matvei Michkov 5, Taylor Hall 7) at 12:02
Penalties :
Ridly Greig (WPG) for Interference (Minor) at 2:03, Jason Zucker (WPG) for High sticking (Minor) at 7:36, Tim Stutzle (COL) for Hooking (Minor) at 9:40, Matvei Michkov (WPG) for Hooking (Minor) at 16:25
Goalie Stats
Joey Daccord (COL), 33 saves from 38 shots - (0.868), L, 4-5-2, 60:00 minutes
Eric Comrie (WPG), 23 saves from 26 shots - (0.885), W, 5-9-0, 60:00 minutes
Players Stats for Colorado Rockies
Player Name G A P +/- PIM S H SB GA TA FO MP PP MP PK MP
------------------------------------------------------------------------------------
Andrew Peeke 0 1 1 1 0 0 1 3 0 0 0/0 22:42 6:10 2:12
David Pastrnak 0 0 0 -1 2 3 0 0 0 0 0/0 18:24 6:15 1:47
Evgeny Kuznetsov 0 0 0 0 0 0 1 0 0 0 0/8 12:01 0:00 0:00
Jesper Bratt 0 0 0 -1 0 2 2 0 0 0 2/5 17:07 6:15 0:29
Kevin Hayes 0 0 0 -1 0 0 1 0 0 0 1/1 10:48 0:00 0:00
Kyle Connor 1 0 1 0 0 2 2 0 0 0 0/3 18:25 6:12 1:42
Kyle Palmieri 0 0 0 -1 0 1 0 0 0 0 8/15 16:38 6:15 0:00
Martin Fehervary 0 0 0 -1 0 0 1 4 0 2 0/0 23:49 6:17 2:15
Michael Bunting 0 0 0 -1 0 4 0 0 1 0 0/0 11:35 0:00 0:49
Nick Bonino 0 0 0 0 0 0 2 0 0 0 0/0 11:42 0:00 0:00
Nick Schmaltz 0 1 1 -1 0 2 1 0 0 0 2/5 11:39 0:00 0:39
Nikita Kucherov 0 1 1 0 0 2 3 0 0 0 1/4 18:17 6:12 2:00
Philipp Kurashev 1 0 1 0 0 4 2 1 0 0 0/0 11:36 0:00 0:00
Tim Stutzle 0 1 1 0 2 1 1 0 1 0 10/18 17:34 6:12 0:56
Timothy Liljegren 1 1 2 1 0 1 2 2 1 0 0/0 22:26 6:10 1:56
Victor Hedman 0 0 0 -1 2 2 1 2 0 1 0/0 23:08 6:17 1:07
Vince Dunn 0 0 0 -2 0 1 2 0 0 0 0/0 13:45 0:00 0:00
Zach Whitecloud 0 0 0 -2 0 1 1 2 0 1 0/0 14:10 0:00 0:52
Players Stats for Winnipeg Jets
Player Name G A P +/- PIM S H SB GA TA FO MP PP MP PK MP
------------------------------------------------------------------------------------
Adam Lowry 1 1 2 2 2 5 1 0 0 0 17/27 19:52 2:06 4:40
Alexander Kerfoot 1 1 2 1 0 8 0 0 1 0 0/1 15:08 2:06 0:25
Alexis Lafreniere 0 0 0 0 0 0 0 0 0 0 0/0 7:15 0:00 0:41
Connor Bedard 0 2 2 0 2 2 2 0 0 1 0/2 19:20 2:05 4:53
Derek Forbort 0 0 0 1 0 2 0 1 0 0 0/0 22:18 1:42 5:27
Dylan Samberg 0 0 0 0 0 1 2 0 0 0 0/0 24:48 2:29 7:00
Jason Zucker 0 1 1 -1 2 2 0 0 2 0 0/1 20:08 2:05 5:54
Joel Armia 0 0 0 0 0 1 0 0 0 0 0/0 6:47 0:00 0:00
Matvei Michkov 1 1 2 2 2 5 2 0 0 0 0/1 14:14 0:00 2:08
Michael Kesselring 0 0 0 1 2 0 0 0 0 1 0/0 14:27 1:42 0:00
Mikael Backlund 1 0 1 -1 0 1 2 0 0 1 12/19 20:34 2:05 6:13
Nate Schmidt 1 0 1 0 0 1 1 1 0 0 0/0 14:35 0:00 0:00
Nino Niederreiter 0 0 0 0 0 2 1 0 0 0 0/1 6:33 0:00 0:00
Oliver Ekman-Larsson 0 0 0 0 0 0 1 1 0 0 0/0 25:02 2:29 7:00
Ridly Greig 0 1 1 1 4 3 1 0 0 0 0/0 14:53 2:06 0:00
Sean Durzi 0 0 0 2 0 1 1 0 0 0 0/0 19:00 0:00 5:27
Taylor Hall 0 1 1 1 0 2 1 1 0 0 0/0 11:25 0:00 0:00
Vladislav Namestnikov 0 0 0 1 0 2 2 1 1 0 6/7 11:07 0:00 0:00
3 Stars
1 - Matvei Michkov (WPG)
2 - Alexander Kerfoot (WPG)
3 - Adam Lowry (WPG)
Power Play
Colorado Rockies - 1 on 7 Attempt(s) - 14.29%
Winnipeg Jets - 1 on 3 Attempt(s) - 33.33%
Penalty Kill
Colorado Rockies - 2 on 3 Attempt(s) - 66.67%
- Score 0 goal in Penalty Kill
Winnipeg Jets - 6 on 7 Attempt(s) - 85.71%
- Score 0 goal in Penalty Kill
Team Stat
Colorado Rockies - Hits : 23 - Faceoff Wins : 24 - Blocked Shots : 14 - Penalty Minutes : 6
Winnipeg Jets - Hits : 17 - Faceoff Wins : 35 - Blocked Shots : 5 - Penalty Minutes : 14
Official
Referees : Francis Charron and Ghislain Hebert
Linesman : Shandor Alphonso and Julien Fournier
Game Notes
No Game Note
Finance
Level 1 -- Attendance: 5575 (92.92%) -- Ticket Income $512,900
Level 2 -- Attendance: 4700 (94.00%) -- Ticket Income $258,500
Level 3 -- Attendance: 2834 (94.47%) -- Ticket Income $85,020
Level 4 -- Attendance: 5000 (100.00%) -- Ticket Income $110,000
Luxury Box -- Attendance: 845 (84.50%) -- Ticket Income $160,550
Game was played at the MTS Centre.
Total Attendance: 18954 (94.77%)
Total Ticket Income: $1,126,970
Other Income: $394,440
Total Income: $1,521,410
Colorado Rockies
5 vs 5 Forward
Center Left Wing Right Wing Time % Phy DF OF
1 Tim Stutzle Kyle Connor Nikita Kucherov 25 1 2 2
2 Kyle Palmieri Jesper Bratt David Pastrnak 25 1 2 2
3 Nick Schmaltz Michael Bunting Kevin Hayes 25 1 2 2
4 Evgeny Kuznetsov Nick Bonino Philipp Kurashev 25 1 2 2
5 vs 5 Defense
Defense Defense Time % Phy DF OF
1 Victor Hedman Martin Fehervary 35 1 2 2
2 Timothy Liljegren Andrew Peeke 30 1 2 2
3 Vince Dunn Zach Whitecloud 30 1 2 2
4 Victor Hedman Martin Fehervary 5 1 2 2
PowerPlay Forward
Center Left Wing Right Wing Time % Phy DF OF
1 Tim Stutzle Kyle Connor Nikita Kucherov 50 1 2 2
2 Kyle Palmieri Jesper Bratt David Pastrnak 50 1 2 2
PowerPlay Defense
Defense Defense Time % Phy DF OF
1 Victor Hedman Martin Fehervary 50 1 2 2
2 Timothy Liljegren Andrew Peeke 50 1 2 2
Penalty Kill 4 Players Forward
Center Wing Time % Phy DF OF
1 Nikita Kucherov David Pastrnak 50 1 2 2
2 Tim Stutzle Kyle Connor 50 1 2 2
Penalty Kill 4 Players Defense
Defense Defense Time % Phy DF OF
1 Victor Hedman Martin Fehervary 50 1 2 2
2 Timothy Liljegren Andrew Peeke 50 1 2 2
Penalty Kill - 3 Players Forward
Forward Time % Phy DF OF
1 Nikita Kucherov 50 1 2 2
2 David Pastrnak 50 1 2 2
Penalty Kill - 3 Players Defense
Defense Defense Time % Phy DF OF
1 Victor Hedman Martin Fehervary 50 1 2 2
2 Timothy Liljegren Andrew Peeke 50 1 2 2
4 vs 4 Forward
Center Wing Time % Phy DF OF
1 Nikita Kucherov David Pastrnak 50 1 2 2
2 Tim Stutzle Kyle Connor 50 1 2 2
4 vs 4 Defense
Defense Defense Time % Phy DF OF
1 Victor Hedman Martin Fehervary 50 1 2 2
2 Timothy Liljegren Andrew Peeke 50 1 2 2
Last Minutes Offensive
Center Left Wing Right Wing Defense Defense
Tim Stutzle Kyle Connor Nikita Kucherov Victor Hedman Martin Fehervary
Last Minutes Defensive
Center Left Wing Right Wing Defense Defense
Tim Stutzle Kyle Connor Nikita Kucherov Victor Hedman Martin Fehervary
Goaltenders
Starting : Joey Daccord
Backup : Daniil Tarasov
Extra Forwards
Normal : Evgeny Kuznetsov, Nick Schmaltz, Michael Bunting - PP : Evgeny Kuznetsov, Nick Schmaltz - PK : Michael Bunting
Extra Defensemen
Normal : Vince Dunn, Zach Whitecloud, Timothy Liljegren - PP : Vince Dunn - PK : Zach Whitecloud, Timothy Liljegren
Penalty Shots
Nikita Kucherov, David Pastrnak, Tim Stutzle, Kyle Connor, Jesper Bratt
Scratches
Quinn Hughes (Healthy), Arvid Soderblom (Healthy)
Winnipeg Jets
5 vs 5 Forward
Center Left Wing Right Wing Time % Phy DF OF
1 Mikael Backlund Jason Zucker Connor Bedard 30 1 2 2
2 Adam Lowry Ridly Greig Alexander Kerfoot 30 1 2 2
3 Vladislav Namestnikov Taylor Hall Matvei Michkov 25 1 2 2
4 Nino Niederreiter Alexis Lafreniere Joel Armia 15 1 2 2
5 vs 5 Defense
Defense Defense Time % Phy DF OF
1 Oliver Ekman-Larsson Dylan Samberg 35 1 2 2
2 Nate Schmidt Derek Forbort 35 1 2 2
3 Michael Kesselring Sean Durzi 30 1 2 2
4 Oliver Ekman-Larsson Dylan Samberg 0 1 2 2
PowerPlay Forward
Center Left Wing Right Wing Time % Phy DF OF
1 Mikael Backlund Jason Zucker Connor Bedard 50 1 2 2
2 Adam Lowry Ridly Greig Alexander Kerfoot 50 1 2 2
PowerPlay Defense
Defense Defense Time % Phy DF OF
1 Oliver Ekman-Larsson Dylan Samberg 50 1 2 2
2 Michael Kesselring Derek Forbort 50 1 2 2
Penalty Kill 4 Players Forward
Center Wing Time % Phy DF OF
1 Mikael Backlund Jason Zucker 50 1 2 2
2 Adam Lowry Connor Bedard 50 1 2 2
Penalty Kill 4 Players Defense
Defense Defense Time % Phy DF OF
1 Oliver Ekman-Larsson Dylan Samberg 50 1 2 2
2 Sean Durzi Derek Forbort 50 1 2 2
Penalty Kill - 3 Players Forward
Forward Time % Phy DF OF
1 Mikael Backlund 50 1 2 2
2 Jason Zucker 50 1 2 2
Penalty Kill - 3 Players Defense
Defense Defense Time % Phy DF OF
1 Oliver Ekman-Larsson Dylan Samberg 50 1 2 2
2 Sean Durzi Derek Forbort 50 1 2 2
4 vs 4 Forward
Center Wing Time % Phy DF OF
1 Mikael Backlund Jason Zucker 50 1 2 2
2 Adam Lowry Connor Bedard 50 1 2 2
4 vs 4 Defense
Defense Defense Time % Phy DF OF
1 Oliver Ekman-Larsson Dylan Samberg 50 1 2 2
2 Michael Kesselring Derek Forbort 50 1 2 2
Last Minutes Offensive
Center Left Wing Right Wing Defense Defense
Mikael Backlund Jason Zucker Connor Bedard Oliver Ekman-Larsson Dylan Samberg
Last Minutes Defensive
Center Left Wing Right Wing Defense Defense
Mikael Backlund Jason Zucker Connor Bedard Oliver Ekman-Larsson Dylan Samberg
Goaltenders
Starting : Eric Comrie
Backup : Dustin Wolf
Extra Forwards
Normal : Joel Armia, Taylor Hall, Matvei Michkov - PP : Joel Armia, Taylor Hall - PK : Matvei Michkov
Extra Defensemen
Normal : Michael Kesselring, Sean Durzi, Dylan Samberg - PP : Michael Kesselring - PK : Sean Durzi, Oliver Ekman-Larsson
Penalty Shots
Mikael Backlund, Jason Zucker, Adam Lowry, Connor Bedard, Ridly Greig
Scratches
Sam Steel (Healthy), Barclay Goodrow (Healthy), Haydn Fleury (Healthy)
% Time on Ice - Colorado Rockies
Lines # - Real PCT - Wanted PCT - Time Play
Normal Forward
1 - 23% - 25% - 10:05
2 - 26% - 25% - 11:10
3 - 24% - 25% - 10:31
4 - 27% - 25% - 11:36
Normal Defense
1 - 35% - 35% - 15:21
2 - 33% - 30% - 14:20
3 - 31% - 30% - 13:18
4 - 1% - 5% - 0:23
PP Forward
1 - 50% - 50% - 6:12
2 - 50% - 50% - 6:15
PP Defense
1 - 50% - 50% - 6:17
2 - 50% - 50% - 6:10
PK Forward
1 - 48% - 50% - 2:00
2 - 52% - 50% - 2:11
PK Defense
1 - 54% - 50% - 2:15
2 - 46% - 50% - 1:56
PK3 Forward
1 - 0% - 50%
2 - 0% - 50%
PK3 Defense
1 - 0% - 50%
2 - 0% - 50%
44 Forward
1 - 0% - 50%
2 - 0% - 50%
44 Defense
1 - 0% - 50%
2 - 0% - 50%
Last Minute Offensive - 0:00
Last Minute Defensive - 0:00
Total
Forward - 60:00
Defense - 60:00
|
% Time on Ice - Winnipeg Jets
Lines # - Real PCT - Wanted PCT - Time Play
Normal Forward
1 - 29% - 30% - 12:34
2 - 30% - 30% - 13:08
3 - 26% - 25% - 11:07
4 - 15% - 15% - 6:33
Normal Defense
1 - 35% - 35% - 15:04
2 - 36% - 35% - 15:35
3 - 29% - 30% - 12:28
4 - 1% - 0% - 0:15
PP Forward
1 - 50% - 50% - 2:05
2 - 50% - 50% - 2:06
PP Defense
1 - 59% - 50% - 2:29
2 - 41% - 50% - 1:42
PK Forward
1 - 51% - 50% - 6:22
2 - 49% - 50% - 6:05
PK Defense
1 - 56% - 50% - 7:00
2 - 44% - 50% - 5:27
PK3 Forward
1 - 0% - 50%
2 - 0% - 50%
PK3 Defense
1 - 0% - 50%
2 - 0% - 50%
44 Forward
1 - 0% - 50%
2 - 0% - 50%
44 Defense
1 - 0% - 50%
2 - 0% - 50%
Last Minute Offensive - 0:00
Last Minute Defensive - 0:00
Total
Forward - 60:00
Defense - 60:00
|
Play-by-Play
1st period
0:01 of 1st period - Tim Stutzle wins face-off versus Connor Bedard in neutral zone.
0:04 of 1st period - Dylan Samberg is hit by Martin Fehervary and loses puck.
1:39 of 1st period - Snap shot by Tim Stutzle.
1:39 of 1st period - Deflect By Kyle Connor.
1:39 of 1st period - Goal by Kyle Connor - Colorado Rockies : 1 - Winnipeg Jets : 0.
1:40 of 1st period - Kevin Hayes wins face-off versus Adam Lowry in neutral zone.
1:55 of 1st period - Snap shot by Adam Lowry.
1:55 of 1st period - Stopped by Joey Daccord without a rebound.
1:56 of 1st period - Jesper Bratt wins face-off versus Vladislav Namestnikov in Colorado Rockies zone.
2:22 of 1st period - Vince Dunn is hit by Ridly Greig and loses puck.
3:08 of 1st period - Slapshot by Nino Niederreiter.
3:08 of 1st period - Stopped by Joey Daccord with a rebound.
3:10 of 1st period - Slapshot by Dylan Samberg.
3:10 of 1st period - Stopped by Joey Daccord without a rebound.
3:11 of 1st period - Vladislav Namestnikov wins face-off versus Kyle Palmieri in Colorado Rockies zone.
3:15 of 1st period - Minor Penalty to David Pastrnak for Tripping.
3:16 of 1st period - Mikael Backlund wins face-off versus Nikita Kucherov in Colorado Rockies zone.
3:26 of 1st period - Snap shot by Jason Zucker.
3:26 of 1st period - Shot Blocked by Martin Fehervary.
3:28 of 1st period - Slapshot by Mikael Backlund.
3:28 of 1st period - Goal by Mikael Backlund - Colorado Rockies : 1 - Winnipeg Jets : 1.
3:29 of 1st period - Vladislav Namestnikov wins face-off versus Evgeny Kuznetsov in neutral zone.
3:40 of 1st period - Wrist shot by Taylor Hall.
3:40 of 1st period - Shot Blocked by Victor Hedman.
4:02 of 1st period - Off-side.
4:03 of 1st period - Kyle Palmieri wins face-off versus Adam Lowry in neutral zone.
4:38 of 1st period - Snap shot by Jason Zucker.
4:38 of 1st period - Shot Misses the Net.
5:00 of 1st period - Snap shot by Alexis Lafreniere.
5:00 of 1st period - Shot Blocked by Victor Hedman.
5:12 of 1st period - Nikita Kucherov is hit by Vladislav Namestnikov and loses puck.
5:36 of 1st period - Snap shot by Adam Lowry.
5:36 of 1st period - Stopped by Joey Daccord with a rebound.
6:14 of 1st period - Kevin Hayes is hit by Dylan Samberg and loses puck.
6:35 of 1st period - Michael Kesselring is hit by Andrew Peeke and loses puck.
6:45 of 1st period - Icing by Michael Kesselring.
6:46 of 1st period - Kyle Palmieri wins face-off versus Adam Lowry in Winnipeg Jets zone.
7:37 of 1st period - Wrist shot by Matvei Michkov.
7:37 of 1st period - Stopped by Joey Daccord with a rebound.
7:39 of 1st period - Slapshot by Michael Kesselring.
7:39 of 1st period - Shot Misses the Net.
7:41 of 1st period - Slapshot by Michael Kesselring.
7:41 of 1st period - Shot Misses the Net.
7:43 of 1st period - Slapshot by Sean Durzi.
7:43 of 1st period - Deflect By Timothy Liljegren.
7:43 of 1st period - Stopped by Joey Daccord with a rebound.
7:53 of 1st period - Nick Schmaltz is hit by Nate Schmidt and loses puck.
8:14 of 1st period - David Pastrnak is hit by Adam Lowry and loses puck.
8:37 of 1st period - Snap shot by Jason Zucker.
8:37 of 1st period - Stopped by Joey Daccord without a rebound.
8:38 of 1st period - Mikael Backlund wins face-off versus Evgeny Kuznetsov in Colorado Rockies zone.
9:05 of 1st period - Snap shot by Connor Bedard.
9:05 of 1st period - Stopped by Joey Daccord without a rebound.
9:06 of 1st period - Adam Lowry wins face-off versus Tim Stutzle in Colorado Rockies zone.
9:07 of 1st period - Snap shot by Alexander Kerfoot.
9:07 of 1st period - Stopped by Joey Daccord with a rebound.
9:44 of 1st period - Snap shot by Michael Bunting.
9:44 of 1st period - Shot Misses the Net.
10:01 of 1st period - Minor Penalty to Connor Bedard for Roughing.
10:02 of 1st period - Mikael Backlund wins face-off versus Kyle Connor in Winnipeg Jets zone.
10:02 of 1st period - Mikael Backlund is hit by Nikita Kucherov.
10:15 of 1st period - Oliver Ekman-Larsson is hit by Nikita Kucherov and loses puck.
10:26 of 1st period - Jason Zucker is hit by Tim Stutzle and loses puck.
11:05 of 1st period - Snap shot by Nikita Kucherov.
11:05 of 1st period - Stopped by Eric Comrie without a rebound.
11:06 of 1st period - Kyle Palmieri wins face-off versus Adam Lowry in Winnipeg Jets zone.
11:41 of 1st period - Kyle Palmieri is hit by Oliver Ekman-Larsson and loses puck.
12:01 of 1st period - Penalty to Connor Bedard is over, Connor Bedard is back on ice.
12:23 of 1st period - Snap shot by Adam Lowry.
12:23 of 1st period - Shot Misses the Net.
12:41 of 1st period - Slapshot by Matvei Michkov.
12:41 of 1st period - Goal by Matvei Michkov - Colorado Rockies : 1 - Winnipeg Jets : 2.
12:42 of 1st period - Tim Stutzle wins face-off versus Nino Niederreiter in neutral zone.
12:53 of 1st period - Wrist shot by Nikita Kucherov.
12:53 of 1st period - Stopped by Eric Comrie with a rebound.
12:55 of 1st period - Snap shot by Tim Stutzle.
12:55 of 1st period - Stopped by Eric Comrie with a rebound.
13:14 of 1st period - Snap shot by Jesper Bratt.
13:14 of 1st period - Stopped by Eric Comrie with a rebound.
13:40 of 1st period - Snap shot by David Pastrnak.
13:40 of 1st period - Deflect By Kyle Palmieri.
13:40 of 1st period - Shot Blocked by Nate Schmidt.
13:40 of 1st period - Puck is out of play.
13:41 of 1st period - Nick Schmaltz wins face-off versus Matvei Michkov in Winnipeg Jets zone.
15:07 of 1st period - Snap shot by Nick Schmaltz.
15:07 of 1st period - Stopped by Eric Comrie with a rebound.
15:09 of 1st period - Slapshot by Vince Dunn.
15:09 of 1st period - Shot Misses the Net.
15:11 of 1st period - Snap shot by Nick Schmaltz.
15:11 of 1st period - Stopped by Eric Comrie with a rebound.
15:13 of 1st period - Slapshot by Zach Whitecloud.
15:13 of 1st period - Stopped by Eric Comrie without a rebound.
15:14 of 1st period - Nick Schmaltz wins face-off versus Adam Lowry in Winnipeg Jets zone.
15:15 of 1st period - Wrist shot by Michael Bunting.
15:15 of 1st period - Shot Misses the Net.
15:59 of 1st period - Snap shot by Michael Bunting.
15:59 of 1st period - Stopped by Eric Comrie with a rebound.
16:01 of 1st period - Slapshot by Michael Bunting.
16:01 of 1st period - Shot Misses the Net.
16:19 of 1st period - Slapshot by Michael Bunting.
16:19 of 1st period - Stopped by Eric Comrie without a rebound.
16:20 of 1st period - Mikael Backlund wins face-off versus Evgeny Kuznetsov in Winnipeg Jets zone.
16:47 of 1st period - Slapshot by Ridly Greig.
16:47 of 1st period - Shot Blocked by Andrew Peeke.
17:31 of 1st period - Snap shot by Mikael Backlund.
17:31 of 1st period - Shot Misses the Net.
17:33 of 1st period - Snap shot by Taylor Hall.
17:33 of 1st period - Stopped by Joey Daccord with a rebound.
17:35 of 1st period - Snap shot by Vladislav Namestnikov.
17:35 of 1st period - Shot Misses the Net.
17:37 of 1st period - Slapshot by Derek Forbort.
17:37 of 1st period - Stopped by Joey Daccord with a rebound.
17:55 of 1st period - Slapshot by Nikita Kucherov.
17:55 of 1st period - Deflect By Kyle Connor.
17:55 of 1st period - Stopped by Eric Comrie with a rebound.
18:29 of 1st period - Wrist shot by Connor Bedard.
18:29 of 1st period - Shot Misses the Net.
18:49 of 1st period - Nikita Kucherov is hit by Taylor Hall and loses puck.
19:00 of 1st period - Snap shot by Vladislav Namestnikov.
19:00 of 1st period - Stopped by Joey Daccord without a rebound.
19:01 of 1st period - Kyle Palmieri wins face-off versus Alexander Kerfoot in Colorado Rockies zone.
19:06 of 1st period - Sean Durzi is hit by Timothy Liljegren and loses puck.
19:23 of 1st period - Minor Penalty to Adam Lowry for Roughing.
19:24 of 1st period - Jesper Bratt wins face-off versus Mikael Backlund in Winnipeg Jets zone.
19:27 of 1st period - Slapshot by Jesper Bratt.
19:27 of 1st period - Stopped by Eric Comrie with a rebound.
19:29 of 1st period - Snap shot by Kyle Palmieri.
19:29 of 1st period - Shot Misses the Net.
19:31 of 1st period - Snap shot by David Pastrnak.
19:31 of 1st period - Shot Misses the Net.
19:33 of 1st period - Snap shot by David Pastrnak.
19:33 of 1st period - Stopped by Eric Comrie without a rebound.
19:34 of 1st period - Mikael Backlund wins face-off versus Kyle Palmieri in Winnipeg Jets zone.
19:57 of 1st period - Snap shot by David Pastrnak.
19:57 of 1st period - Stopped by Eric Comrie without a rebound.
19:58 of 1st period - Mikael Backlund wins face-off versus Tim Stutzle in Winnipeg Jets zone.
Goals for this period are 1 for Colorado Rockies vs 2 for Winnipeg Jets.
Shots for this period are 14 for Colorado Rockies vs 14 for Winnipeg Jets.
2nd period
0:01 of 2nd period - Kyle Palmieri wins face-off versus Mikael Backlund in neutral zone.
0:12 of 2nd period - Snap shot by David Pastrnak.
0:12 of 2nd period - Stopped by Eric Comrie without a rebound.
0:13 of 2nd period - Tim Stutzle wins face-off versus Mikael Backlund in Winnipeg Jets zone.
0:39 of 2nd period - Oliver Ekman-Larsson is hit by Jesper Bratt and loses puck.
0:46 of 2nd period - Snap shot by Jesper Bratt.
0:46 of 2nd period - Shot Misses the Net.
0:48 of 2nd period - Slapshot by Jesper Bratt.
0:48 of 2nd period - Shot Blocked by Oliver Ekman-Larsson.
0:50 of 2nd period - Snap shot by David Pastrnak.
0:50 of 2nd period - Shot Misses the Net.
1:02 of 2nd period - Slapshot by Connor Bedard.
1:02 of 2nd period - Shot Blocked by Martin Fehervary.
1:08 of 2nd period - Oliver Ekman-Larsson is hit by Victor Hedman and loses puck.
1:23 of 2nd period - Penalty to Adam Lowry is over, Adam Lowry is back on ice.
1:35 of 2nd period - Slapshot by Joel Armia.
1:35 of 2nd period - Stopped by Joey Daccord without a rebound.
1:36 of 2nd period - Adam Lowry wins face-off versus Evgeny Kuznetsov in Colorado Rockies zone.
1:47 of 2nd period - Snap shot by Alexander Kerfoot.
1:47 of 2nd period - Deflect By Adam Lowry.
1:47 of 2nd period - Shot Blocked by Zach Whitecloud.
1:47 of 2nd period - Puck is out of play.
1:48 of 2nd period - Mikael Backlund wins face-off versus Tim Stutzle in Colorado Rockies zone.
1:58 of 2nd period - Off-side.
1:59 of 2nd period - Mikael Backlund wins face-off versus Evgeny Kuznetsov in neutral zone.
2:04 of 2nd period - Wrist shot by Philipp Kurashev.
2:04 of 2nd period - Shot Misses the Net.
2:06 of 2nd period - Snap shot by Philipp Kurashev.
2:06 of 2nd period - Stopped by Eric Comrie with a rebound.
2:14 of 2nd period - Slapshot by Philipp Kurashev.
2:14 of 2nd period - Stopped by Eric Comrie without a rebound.
2:15 of 2nd period - Tim Stutzle wins face-off versus Adam Lowry in Winnipeg Jets zone.
2:42 of 2nd period - Kyle Palmieri is hit by Mikael Backlund and loses puck.
2:47 of 2nd period - Snap shot by Connor Bedard.
2:47 of 2nd period - Shot Misses the Net.
3:05 of 2nd period - Snap shot by Michael Bunting.
3:05 of 2nd period - Stopped by Eric Comrie with a rebound.
3:11 of 2nd period - Michael Bunting is hit by Matvei Michkov and loses puck.
3:36 of 2nd period - Wrist shot by Nick Schmaltz.
3:36 of 2nd period - Shot Misses the Net.
3:54 of 2nd period - Wrist shot by Philipp Kurashev.
3:54 of 2nd period - Shot Misses the Net.
3:56 of 2nd period - Slapshot by Philipp Kurashev.
3:56 of 2nd period - Shot Misses the Net.
3:58 of 2nd period - Wrist shot by Philipp Kurashev.
3:58 of 2nd period - Shot Misses the Net.
4:00 of 2nd period - Slapshot by Timothy Liljegren.
4:00 of 2nd period - Shot Misses the Net.
4:02 of 2nd period - Slapshot by Philipp Kurashev.
4:02 of 2nd period - Goal by Philipp Kurashev - Colorado Rockies : 2 - Winnipeg Jets : 2.
4:03 of 2nd period - Mikael Backlund wins face-off versus Tim Stutzle in neutral zone.
4:03 of 2nd period - Connor Bedard is hit by Kyle Connor and loses puck.
4:30 of 2nd period - Derek Forbort is hit by Vince Dunn and loses puck.
5:28 of 2nd period - Minor Penalty to Victor Hedman for Tripping.
5:29 of 2nd period - Tim Stutzle wins face-off versus Adam Lowry in Colorado Rockies zone.
7:28 of 2nd period - Penalty to Victor Hedman is over, Victor Hedman is back on ice.
7:46 of 2nd period - Taylor Hall is hit by Zach Whitecloud and loses puck.
8:27 of 2nd period - Nino Niederreiter is hit by Nick Bonino and loses puck.
8:36 of 2nd period - Snap shot by Victor Hedman.
8:36 of 2nd period - Stopped by Eric Comrie with a rebound.
8:38 of 2nd period - Wrist shot by Philipp Kurashev.
8:38 of 2nd period - Stopped by Eric Comrie with a rebound.
8:48 of 2nd period - Wrist shot by Nino Niederreiter.
8:48 of 2nd period - Stopped by Joey Daccord with a rebound.
8:54 of 2nd period - Joel Armia is hit by Nick Bonino and loses puck.
9:07 of 2nd period - Oliver Ekman-Larsson is hit by Philipp Kurashev.
9:26 of 2nd period - Snap shot by Alexis Lafreniere.
9:26 of 2nd period - Shot Blocked by Andrew Peeke.
9:31 of 2nd period - Off-side.
9:32 of 2nd period - Tim Stutzle wins face-off versus Mikael Backlund in neutral zone.
10:27 of 2nd period - Wrist shot by Matvei Michkov.
10:27 of 2nd period - Stopped by Joey Daccord without a rebound.
10:28 of 2nd period - Tim Stutzle wins face-off versus Jason Zucker in Colorado Rockies zone.
11:01 of 2nd period - Snap shot by Alexander Kerfoot.
11:01 of 2nd period - Stopped by Joey Daccord without a rebound.
11:02 of 2nd period - Kyle Palmieri wins face-off versus Adam Lowry in Colorado Rockies zone.
11:18 of 2nd period - Slapshot by Adam Lowry.
11:18 of 2nd period - Deflect By Alexander Kerfoot.
11:18 of 2nd period - Stopped by Joey Daccord with a rebound.
11:20 of 2nd period - Slapshot by Oliver Ekman-Larsson.
11:20 of 2nd period - Deflect By Adam Lowry.
11:20 of 2nd period - Stopped by Joey Daccord with a rebound.
11:22 of 2nd period - Snap shot by Alexander Kerfoot.
11:22 of 2nd period - Shot Misses the Net.
11:26 of 2nd period - Wrist shot by Adam Lowry.
11:26 of 2nd period - Deflect By Ridly Greig.
11:26 of 2nd period - Stopped by Joey Daccord with a rebound.
11:28 of 2nd period - Snap shot by Alexander Kerfoot.
11:28 of 2nd period - Stopped by Joey Daccord without a rebound.
11:29 of 2nd period - Tim Stutzle wins face-off versus Mikael Backlund in Colorado Rockies zone.
11:56 of 2nd period - Derek Forbort is hit by Nick Schmaltz and loses puck.
12:19 of 2nd period - Wrist shot by Ridly Greig.
12:19 of 2nd period - Shot Misses the Net.
12:32 of 2nd period - Minor Penalty to Ridly Greig for Cross-checking.
12:33 of 2nd period - Adam Lowry wins face-off versus Tim Stutzle in Winnipeg Jets zone.
13:14 of 2nd period - Snap shot by David Pastrnak.
13:14 of 2nd period - Shot Misses the Net.
14:21 of 2nd period - Icing by Tim Stutzle.
14:22 of 2nd period - Adam Lowry wins face-off versus Tim Stutzle in Colorado Rockies zone.
14:32 of 2nd period - Penalty to Ridly Greig is over, Ridly Greig is back on ice.
15:03 of 2nd period - Snap shot by Taylor Hall.
15:03 of 2nd period - Shot Blocked by Timothy Liljegren.
15:05 of 2nd period - Slapshot by Oliver Ekman-Larsson.
15:05 of 2nd period - Shot Blocked by Andrew Peeke.
15:07 of 2nd period - Slapshot by Oliver Ekman-Larsson.
15:07 of 2nd period - Shot Misses the Net.
15:09 of 2nd period - Slapshot by Vladislav Namestnikov.
15:09 of 2nd period - Deflect By Matvei Michkov.
15:09 of 2nd period - Stopped by Joey Daccord without a rebound.
15:10 of 2nd period - Adam Lowry wins face-off versus Kyle Palmieri in Colorado Rockies zone.
15:15 of 2nd period - Slapshot by Adam Lowry.
15:15 of 2nd period - Shot Misses the Net.
15:17 of 2nd period - Slapshot by Alexander Kerfoot.
15:17 of 2nd period - Goal by Alexander Kerfoot - Colorado Rockies : 2 - Winnipeg Jets : 3.
15:18 of 2nd period - Tim Stutzle wins face-off versus Connor Bedard in neutral zone.
16:11 of 2nd period - Sean Durzi is hit by Kevin Hayes and loses puck.
16:16 of 2nd period - Snap shot by Michael Bunting.
16:16 of 2nd period - Stopped by Eric Comrie without a rebound.
16:17 of 2nd period - Tim Stutzle wins face-off versus Mikael Backlund in Winnipeg Jets zone.
16:20 of 2nd period - Wrist shot by Nikita Kucherov.
16:20 of 2nd period - Shot Misses the Net.
16:22 of 2nd period - Wrist shot by Timothy Liljegren.
16:22 of 2nd period - Shot Misses the Net.
16:46 of 2nd period - Icing by David Pastrnak.
16:47 of 2nd period - Adam Lowry wins face-off versus Kyle Palmieri in Colorado Rockies zone.
16:50 of 2nd period - Slapshot by Adam Lowry.
16:50 of 2nd period - Shot Misses the Net.
16:52 of 2nd period - Wrist shot by Alexander Kerfoot.
16:52 of 2nd period - Shot Blocked by Martin Fehervary.
16:54 of 2nd period - Wrist shot by Alexander Kerfoot.
16:54 of 2nd period - Stopped by Joey Daccord without a rebound.
16:55 of 2nd period - Adam Lowry wins face-off versus Kyle Connor in Colorado Rockies zone.
17:08 of 2nd period - Snap shot by Ridly Greig.
17:08 of 2nd period - Stopped by Joey Daccord with a rebound.
17:29 of 2nd period - Icing by Kevin Hayes.
17:30 of 2nd period - Adam Lowry wins face-off versus Nick Schmaltz in Colorado Rockies zone.
17:35 of 2nd period - Slapshot by Adam Lowry.
17:35 of 2nd period - Stopped by Joey Daccord with a rebound.
18:05 of 2nd period - Slapshot by Victor Hedman.
18:05 of 2nd period - Stopped by Eric Comrie without a rebound.
18:06 of 2nd period - Nikita Kucherov wins face-off versus Mikael Backlund in Winnipeg Jets zone.
18:29 of 2nd period - Minor Penalty to Michael Kesselring for Kneeing.
18:30 of 2nd period - Kyle Palmieri wins face-off versus Adam Lowry in Winnipeg Jets zone.
18:33 of 2nd period - Wrist shot by Kyle Palmieri.
18:33 of 2nd period - Stopped by Eric Comrie without a rebound.
18:34 of 2nd period - Adam Lowry wins face-off versus Jesper Bratt in Winnipeg Jets zone.
19:11 of 2nd period - Snap shot by Tim Stutzle.
19:11 of 2nd period - Shot Blocked by Derek Forbort.
Goals for this period are 1 for Colorado Rockies vs 1 for Winnipeg Jets.
Shots for this period are 10 for Colorado Rockies vs 13 for Winnipeg Jets.
3rd period
0:01 of 3rd period - Adam Lowry wins face-off versus Tim Stutzle in neutral zone.
0:08 of 3rd period - Snap shot by Connor Bedard.
0:08 of 3rd period - Stopped by Joey Daccord with a rebound.
0:10 of 3rd period - Slapshot by Derek Forbort.
0:10 of 3rd period - Shot Blocked by Timothy Liljegren.
0:29 of 3rd period - Penalty to Michael Kesselring is over, Michael Kesselring is back on ice.
0:37 of 3rd period - Slapshot by Derek Forbort.
0:37 of 3rd period - Stopped by Joey Daccord with a rebound.
0:39 of 3rd period - Snap shot by Jason Zucker.
0:39 of 3rd period - Stopped by Joey Daccord without a rebound.
0:40 of 3rd period - Vladislav Namestnikov wins face-off versus Evgeny Kuznetsov in Colorado Rockies zone.
0:45 of 3rd period - Snap shot by Matvei Michkov.
0:45 of 3rd period - Shot Misses the Net.
0:47 of 3rd period - Snap shot by Matvei Michkov.
0:47 of 3rd period - Shot Blocked by Philipp Kurashev.
0:49 of 3rd period - Slapshot by Dylan Samberg.
0:49 of 3rd period - Shot Blocked by Martin Fehervary.
0:51 of 3rd period - Snap shot by Taylor Hall.
0:51 of 3rd period - Shot Misses the Net.
0:53 of 3rd period - Wrist shot by Taylor Hall.
0:53 of 3rd period - Stopped by Joey Daccord without a rebound.
0:54 of 3rd period - Mikael Backlund wins face-off versus Jesper Bratt in Colorado Rockies zone.
1:21 of 3rd period - Vince Dunn is hit by Vladislav Namestnikov.
1:25 of 3rd period - Dylan Samberg is hit by Philipp Kurashev and loses puck.
1:40 of 3rd period - Snap shot by Alexander Kerfoot.
1:40 of 3rd period - Stopped by Joey Daccord with a rebound.
1:42 of 3rd period - Wrist shot by Adam Lowry.
1:42 of 3rd period - Goal by Adam Lowry - Colorado Rockies : 2 - Winnipeg Jets : 4.
1:43 of 3rd period - Adam Lowry wins face-off versus Tim Stutzle in neutral zone.
2:03 of 3rd period - Minor Penalty to Ridly Greig for Interference.
2:04 of 3rd period - Adam Lowry wins face-off versus Kyle Palmieri in Winnipeg Jets zone.
3:15 of 3rd period - Adam Lowry is hit by Jesper Bratt and loses puck.
4:03 of 3rd period - Penalty to Ridly Greig is over, Ridly Greig is back on ice.
4:14 of 3rd period - Snap shot by Michael Bunting.
4:14 of 3rd period - Shot Blocked by Vladislav Namestnikov.
4:20 of 3rd period - Kevin Hayes is hit by Sean Durzi and loses puck.
4:31 of 3rd period - Derek Forbort is hit by Vince Dunn and loses puck.
5:15 of 3rd period - Martin Fehervary is hit by Mikael Backlund and loses puck.
5:30 of 3rd period - Alexander Kerfoot is hit by Nikita Kucherov and loses puck.
6:17 of 3rd period - Kyle Palmieri is hit by Nino Niederreiter and loses puck.
6:43 of 3rd period - Off-side.
6:44 of 3rd period - Vladislav Namestnikov wins face-off versus Kyle Connor in neutral zone.
6:49 of 3rd period - Tim Stutzle is hit by Matvei Michkov and loses puck.
7:30 of 3rd period - Jason Zucker is hit by Evgeny Kuznetsov and loses puck.
7:36 of 3rd period - Minor Penalty to Jason Zucker for High sticking.
7:37 of 3rd period - Adam Lowry wins face-off versus Nikita Kucherov in Winnipeg Jets zone.
8:09 of 3rd period - Slapshot by Timothy Liljegren.
8:09 of 3rd period - Goal by Timothy Liljegren - Colorado Rockies : 3 - Winnipeg Jets : 4.
8:10 of 3rd period - Adam Lowry wins face-off versus Kyle Palmieri in neutral zone.
8:19 of 3rd period - Wrist shot by Alexander Kerfoot.
8:19 of 3rd period - Shot Misses the Net.
8:37 of 3rd period - Nick Schmaltz is hit by Connor Bedard and loses puck.
9:08 of 3rd period - Wrist shot by Taylor Hall.
9:08 of 3rd period - Shot Misses the Net.
9:40 of 3rd period - Minor Penalty to Tim Stutzle for Hooking.
9:41 of 3rd period - Adam Lowry wins face-off versus Nikita Kucherov in Colorado Rockies zone.
10:32 of 3rd period - Nick Schmaltz is hit by Dylan Samberg and loses puck.
11:40 of 3rd period - Penalty to Tim Stutzle is over, Tim Stutzle is back on ice.
11:46 of 3rd period - Slapshot by Taylor Hall.
11:46 of 3rd period - Deflect By Vladislav Namestnikov.
11:46 of 3rd period - Stopped by Joey Daccord with a rebound.
11:48 of 3rd period - Snap shot by Matvei Michkov.
11:48 of 3rd period - Stopped by Joey Daccord without a rebound.
11:49 of 3rd period - Vladislav Namestnikov wins face-off versus Evgeny Kuznetsov in Colorado Rockies zone.
12:00 of 3rd period - Slapshot by Matvei Michkov.
12:00 of 3rd period - Shot Blocked by Zach Whitecloud.
12:02 of 3rd period - Snap shot by Nate Schmidt.
12:02 of 3rd period - Goal by Nate Schmidt - Colorado Rockies : 3 - Winnipeg Jets : 5.
12:03 of 3rd period - Kyle Palmieri wins face-off versus Adam Lowry in neutral zone.
12:30 of 3rd period - Michael Bunting is hit by Connor Bedard and loses puck.
12:51 of 3rd period - Slapshot by Vince Dunn.
12:51 of 3rd period - Shot Blocked by Taylor Hall.
13:40 of 3rd period - Off-side.
13:41 of 3rd period - Adam Lowry wins face-off versus Nick Schmaltz in neutral zone.
13:55 of 3rd period - Wrist shot by Alexander Kerfoot.
13:55 of 3rd period - Stopped by Joey Daccord without a rebound.
13:56 of 3rd period - Mikael Backlund wins face-off versus Kyle Palmieri in Colorado Rockies zone.
14:26 of 3rd period - Slapshot by Vince Dunn.
14:26 of 3rd period - Stopped by Eric Comrie without a rebound.
14:27 of 3rd period - Adam Lowry wins face-off versus Evgeny Kuznetsov in Winnipeg Jets zone.
14:32 of 3rd period - Slapshot by Timothy Liljegren.
14:32 of 3rd period - Shot Misses the Net.
15:14 of 3rd period - Alexander Kerfoot is hit by Timothy Liljegren and loses puck.
15:35 of 3rd period - Wrist shot by Ridly Greig.
15:35 of 3rd period - Stopped by Joey Daccord with a rebound.
16:02 of 3rd period - Off-side.
16:03 of 3rd period - Vladislav Namestnikov wins face-off versus Nick Schmaltz in neutral zone.
16:25 of 3rd period - Minor Penalty to Matvei Michkov for Hooking.
16:26 of 3rd period - Mikael Backlund wins face-off versus Jesper Bratt in Winnipeg Jets zone.
16:59 of 3rd period - Snap shot by Tim Stutzle.
16:59 of 3rd period - Shot Misses the Net.
18:25 of 3rd period - Penalty to Matvei Michkov is over, Matvei Michkov is back on ice.
19:17 of 3rd period - Nate Schmidt is hit by Kyle Connor and loses puck.
19:46 of 3rd period - Snap shot by Taylor Hall.
19:46 of 3rd period - Shot Misses the Net.
Goals for this period are 1 for Colorado Rockies vs 2 for Winnipeg Jets.
Shots for this period are 2 for Colorado Rockies vs 11 for Winnipeg Jets.
Back to the Top